 Dungeon Crawl Stone Soup version 0.18-a0-1285-g60d00e1 (webtiles) character file.

56 M4edhros the Charlatan (level 3, 0/23 HPs)
             Began as an Octopode Artificer on Feb 8, 2016.
             Slain by an adder (2 damage)
             ... on level 3 of the Dungeon.
             The game lasted 00:01:09 (1462 turns).

M4edhros the Charlatan (Octopode Artificer)         Turns: 1462, Time: 00:01:10

Health: 0/23       AC:  1    Str: 15    XL:     3   Next: 97%
Magic:  5/5        EV: 13    Int: 15    God:
Gold:   124        SH:  0    Dex: 12    Spells: 0 memorised, 2 levels left

rFire  . . .     SeeInvis .     o - +3 dagger (venom)
rCold  . . .     Gourm    .     (no shield)
rNeg   . . .     Faith    .     (helmet restricted)
rPois  .         Spirit   .     (no amulet)
rElec  .         Dismiss  .     (no ring)
rCorr  .         Reflect  .     (no ring)
SustAt .         Harm     .     (no ring)
MR     .....                    (no ring)
Stlth  +++.......               (no ring)
                                (no ring)
                                (no ring)
                                (no ring)

@: mighty, lethally poisoned (0 -> -7), not resistant to hostile enchantments,
fairly stealthy
A: almost no armour, amphibious, 8 rings, constrict 8, camouflage 1, gelatinous
body 1
a: no special abilities


You were on level 3 of the Dungeon.
You were not hungry.

You visited 1 branch of the dungeon, and saw 3 of its levels.

You collected 124 gold pieces.

Inventory:

Hand Weapons
 a - a +0 short sword
 n - a +2 dagger of speed
 o - a +3 dagger of venom (weapon)
Jewellery
 y - an uncursed ring of ice {unknown}
Wands
 b - a wand of flame (15/48)
 c - a wand of enslavement (15/24)
 d - a wand of random effects (15/48)
Scrolls
 e - a scroll of fear {unknown}
 l - a scroll of fog {unknown}
 m - 3 scrolls of immolation {unknown}
 p - a scroll of magic mapping {unknown}
 q - 2 scrolls of identify {unknown}
 r - a scroll of recharging {unknown}
 t - a scroll of amnesia {unknown}
 w - a scroll of enchant weapon {unknown}
Potions
 j - a potion of flight {unknown}
 s - a potion of mutation {unknown}
 u - a potion of agility {unknown}
 v - a potion of brilliance {unknown}
 x - a potion of might
Comestibles
 f - a bread ration
 g - 2 meat rations
 h - a royal jelly
 i - 2 beef jerkies
 k - a slice of pizza
 z - 2 chunks of flesh


   Skills:
 - Level 1.0 Fighting
 - Level 1.0 Short Blades
 * Level 2.8 Dodging
 * Level 3.5 Stealth
 + Level 3.8 Evocations


You had 2 spell levels left.
You didn't know any spells.

Dungeon Overview and Level Annotations

Branches:
Dungeon (3/15)

Altars:
Fedhas


Innate Abilities, Weirdness & Mutations

You cannot wear most types of armour.
You are amphibious.
You can wear up to eight rings at the same time.
You can use your tentacles to constrict eight enemies at once.
Your skin changes colour to match your surroundings (Stealth).
Your rubbery body absorbs attacks (AC +1).


Message History

The adder is lightly wounded.
You constrict the adder. The quokka bites you. The adder bites you.
The quokka misses you.
You puncture the quokka!
You kill the quokka!
You constrict the adder. The adder bites you.
* * * LOW HITPOINT WARNING * * *
You are lethally poisoned!
The adder poisons you!
You are too injured to fight recklessly!
You are too injured to fight recklessly!
Drink which item? (? for menu, Esc to quit)
Okay, then.
Drink which item? (? for menu, Esc to quit)
It was a potion of might.
You feel very mighty all of a sudden.
You constrict the adder.
* * * LOW HITPOINT WARNING * * *
You feel sick. The adder bites you.
You die...

....# ....#### .......#
#....?.# #?.....#
#......# +......#
#@.....# . #
#.####S.....##
..#.#.............
.....#####.#......
#...(......##############
##.....#.#.#.............
#####.#+#.#.###########.
#.....#.#<.......##.
#.....#......)....#.


You could see an adder.

Vanquished Creatures
  2 adders (D:2)
  2 giant geckos (D:1)
  An orc (D:3)
  A ball python (D:2)
  3 bats
  4 giant cockroaches
  6 goblins
  4 hobgoblins
  A quokka (D:3)
  2 giant newts
  2 kobolds
  4 rats
32 creatures vanquished.

Notes
Turn   | Place    | Note
--------------------------------------------------------------
     0 | D:1      | M4edhros the Octopode Artificer began the quest for the Orb.
     0 | D:1      | Reached XP level 1. HP: 13/13 MP: 3/3
   102 | D:1      | Reached XP level 2. HP: 13/18 MP: 4/4
   834 | D:2      | Reached XP level 3. HP: 21/23 MP: 5/5
   911 | D:2      | Found a blossoming altar of Fedhas.
  1086 | D:2      | Found a faded altar to an unknown god.
  1462 | D:3      | Slain by an adder

Vault maps used:
D:1:      sevenhm_arrival_forest_fort_large_2, kennysheep_boxes
D:2:      fedhas_altar_2, ecumenical_altar_1
D:3:      lemuel_round_altar, first_bread

Action                   || total
-------------------------++-------
Melee: Short sword       ||    17
       Dagger            ||    39
  Use: Potion            ||     1
 Stab: Sleeping          ||    12
  Eat: Chunk             ||     2
